 Dungeon Crawl Stone Soup version 0.27.0-1-g7a089689b8 (webtiles) character file.

Game seed: 12390599364954290449

387 RandomHacker the Digger (level 6, -6/36 HPs)
             Began as a Gargoyle Earth Elementalist on Aug 14, 2021.
             Mangled by a wight (16 damage)
             ... on level 4 of the Dungeon.
             The game lasted 00:13:28 (4342 turns).

RandomHacker the Digger (GrEE)                      Turns: 4342, Time: 00:13:29

Health: -6/36      AC:  7    Str: 14    XL:     6   Next: 78%
Magic:  5/9        EV: 11    Int: 15    God:
Gold:   232        SH:  4    Dex: 10    Spells: 3/9 levels left

rFire    . . .     SeeInvis .   g - +0 dagger
rCold    . . .     Faith    .   w - +0 buckler of Gadyampu {Fly Slay+3}
rNeg     + . .     Spirit   .   b - +0 robe
rPois    ∞         Reflect  .   (no helmet)
rElec    +         Harm     .   (no cloak)
rCorr    .         Rampage  .   k - +0 pair of gloves
Will     .....                  (no boots)
Stlth    ++........             (no amulet)
HPRegen  0.12/turn              (no ring)
MPRegen  0.11/turn              (no ring)

@: flying
A: sickness immunity, AC +4, negative energy resistance 1, electricity
resistance, torment resistance 1, petrification resistance
a: no special abilities


You were on level 4 of the Dungeon.
You visited 1 branch of the dungeon, and saw 4 of its levels.

You collected 232 gold pieces.

Inventory:

Hand Weapons
 g - a +0 dagger (weapon)
Missiles
 c - 6 stones
Armour
 b - a +0 robe (worn)
 k - a +0 pair of gloves (worn)
 r - a +0 ring mail
 w - the +0 buckler of Gadyampu (worn) {Fly Slay+3}
   (You acquired it on level 3 of the Dungeon)

   Slay:      It affects your accuracy & damage with ranged weapons and melee
   (+3).
   Fly:       It grants you flight.
Jewellery
 o - an amulet of the acrobat
Scrolls
 f - a scroll of summoning
 i - a scroll of silence
 j - a scroll of fog
 s - a scroll of noise {unknown}
 v - 2 scrolls of teleportation {unknown}
 x - a scroll of identify
 y - a scroll of fear {unknown}
Potions
 e - a potion of flight {unknown}
 l - 3 potions of heal wounds {unknown}
 n - a potion of might {unknown}
 p - a potion of mutation {unknown}
 q - a potion of lignification {unknown}
 t - a potion of invisibility {unknown}
 u - a potion of ambrosia {unknown}


   Skills:
 + Level 2.3 Fighting
 - Level 1.5 Dodging
 - Level 2.1 Stealth
 - Level 4.0 Shields
 + Level 2.2 Spellcasting
 - Level 4.0 Conjurations
 - Level 0.7 Transmutations
 - Level 5.0 Earth Magic


You had 3 spell levels left.
You knew the following spells:

 Your Spells              Type           Power      Damage    Failure   Level
a - Sandblast             Erth           32%        2d9       2%          1
b - Stone Arrow           Conj/Erth      30%        3d8       11%         3
c - Passwall              Tmut/Erth      8%         N/A       11%         2

Your spell library contained the following spells:

 Spells                   Type           Power      Damage    Failure   Level
 Gell's Gravitas          Tloc           0%         N/A       54%         3
 Teleport Other           Tloc           1%         N/A       54%         3
 Petrify                  Tmut/Erth      10%        N/A       56%         4
 Dispersal                Tloc           0%         N/A       100%        6


Dungeon Overview and Level Annotations

Branches:
Dungeon (4/15)             Temple (0/1) D:4

Altars:
Dithmenos
Sif Muna
Zin
The Shining One

Shops:
D:3 (

Annotations:
D:4 1 runed translucent door, jombi's ghost, amateur KoBr


Innate Abilities, Weirdness & Mutations

You are immune to sickness and miasma.
Your stone body is resilient. (AC +4)
You are immune to poison.
You resist negative energy. (rN+)
You are resistant to electric shocks. (rElec)
You are resistant to unholy torment.
You are immune to petrification.


Message History

Aim: a wight, wielding a +0 great sword and wearing a +0 robe (lightly damaged, 79% to hit)
The blast of sand hits the wight but does no damage.
The wight is lightly damaged.
c - 9 stones The wight hits you with a +0 great sword!
There is an open door here.
Casting: Sandblast (safe; 2% risk of failure)
Confirm with . or Enter, or press ? or * to list all spells.
Aiming: Sandblast (safe; 2% risk of failure)
Press: ? - help, Shift-Dir - straight line, f/p - wight
Aim: a wight, wielding a +0 great sword and wearing a +0 robe (lightly damaged, 79% to hit)
The blast of sand hits the wight but does no damage.
The wight is lightly damaged.
c - 8 stones The wight hits you with a +0 great sword!
The giant cockroach waves its antennae.
Really fly into that dispersal trap?
You enter a dispersal trap!
The wight blinks!
The giant cockroach blinks!
You blink.
Casting: Sandblast (safe; 2% risk of failure)
Confirm with . or Enter, or press ? or * to list all spells.
Aiming: Sandblast (safe; 2% risk of failure)
Press: ? - help, Shift-Dir - straight line, f - endoplasm, p - wight
Aim: an endoplasm (98% to hit)
The blast of sand hits the endoplasm.
The endoplasm is heavily wounded.
c - 7 stones The endoplasm freezes you.
You are frozen.
* * * LOW HITPOINT WARNING * * *
Casting: Sandblast (safe; 2% risk of failure)
Confirm with . or Enter, or press ? or * to list all spells.
Aiming: Sandblast (safe; 2% risk of failure)
Press: ? - help, Shift-Dir - straight line, f/p - endoplasm
Aim: an endoplasm (heavily wounded, 98% to hit)
The blast of sand hits the endoplasm!
You kill the endoplasm!
c - 6 stones The wight hits you with a +0 great sword!
You die...

#.#####..)##.###.#
#.# #.P........# #.#
##....#.###.# ## #.#
#.._..#...#.####...
..#
#.....#.#..........
###
#..P....#..^.......
#..........B.[.....
#.......###z####.#.
## ##......#
#@####.# .#
#######.#...#.#....#
.#
#...###.#.#.#.#.####
.# #.#.#.....#.....#
.###.#..#..#####.###
............# #.####
####........#
#...B##
..##.....#..#
#.##J.###### #
#...........##
#.##...#...# #..


You could see a wight and a giant cockroach.

Vanquished Creatures
  A black bear (D:4)
  A necrophage (D:4)
  A bullfrog (D:4)
  An orc priest (D:4)
  A hound skeleton (D:4)
  4 gnolls (D:4)
  An adder (D:2)
  A dart slug (D:3)
  2 orcs
  8 endoplasms
  3 giant cockroaches
  5 goblins (D:1)
  5 hobgoblins
  3 jackals (D:1)
  5 quokkas
  7 ball pythons
  2 bats (D:2)
  3 frilled lizards
  6 kobolds
  A rat (D:3)
61 creatures vanquished.

Notes
Turn   | Place    | Note
-------+----------+-------------------------------------------
     0 | D:1      | RandomHacker the Gargoyle Earth Elementalist began the
                  | quest for the Orb.
     0 | D:1      | Reached XP level 1. HP: 10/10 MP: 3/3
     2 | D:1      | Noticed a dwarf
     2 | D:1      | Noticed a minotaur
     4 | D:1      | Noticed a gargoyle
     6 | D:1      | Noticed a vampire
     6 | D:1      | Noticed a vine stalker
     8 | D:1      | Noticed a demigod
     8 | D:1      | Noticed an octopode
    10 | D:1      | Noticed a troll
    12 | D:1      | Noticed a human
    14 | D:1      | Noticed a palentonga
    14 | D:1      | Noticed a felid
    16 | D:1      | Noticed a spriggan
    16 | D:1      | Noticed a djinni
    18 | D:1      | Noticed a tengu
    18 | D:1      | Noticed a barachi
    20 | D:1      | Noticed a demonspawn
    20 | D:1      | Noticed a naga
    22 | D:1      | Noticed a merfolk
    22 | D:1      | Noticed an elf
    24 | D:1      | Noticed a ghoul
    24 | D:1      | Noticed a formicid
    26 | D:1      | Noticed an ogre
    26 | D:1      | Noticed a draconian
   106 | D:1      | Reached skill level 4 in Earth Magic
   335 | D:1      | Reached XP level 2. HP: 15/15 MP: 5/5
   690 | D:1      | Found a faded altar of an unknown god.
   704 | D:1      | Reached skill level 1 in Fighting
  1012 | D:1      | Reached XP level 3. HP: 14/20 MP: 6/6
  2287 | D:2      | Learned a level 2 spell: Passwall
  2291 | D:2      | Learned a level 3 spell: Stone Arrow
  2392 | D:3      | Found a shimmering blue altar of Sif Muna.
  2486 | D:3      | Found Xyz Koti's Antique Weapon Emporium.
  2573 | D:3      | Identified a scroll of acquirement
  2574 | D:3      | Acquired the +0 buckler of Gadyampu {Fly Slay+3}
  2639 | D:3      | Reached XP level 4. HP: 13/26 MP: 2/7
  2995 | D:3      | Found a glowing golden altar of the Shining One.
  3278 | D:4      | Reached skill level 1 in Shields
  3282 | D:4      | Noticed a bullfrog
  3293 | D:4      | Killed a bullfrog
  3294 | D:4      | Reached XP level 5. HP: 26/30 MP: 3/8
  3580 | D:4      | Found a staircase to the Ecumenical Temple.
  3783 | D:4      | Found a runed translucent door.
  3783 | D:4      | Noticed jombi's ghost (amateur KoBr)
  3812 | D:4      | Found a glowing silver altar of Zin.
  3817 | D:4      | Found a shadowy altar of Dithmenos.
  3884 | D:4      | Noticed a black bear
  3891 | D:4      | Killed a black bear
  3892 | D:4      | Reached skill level 5 in Earth Magic
  3892 | D:4      | Reached XP level 6. HP: 35/35 MP: 5/9
  4258 | D:4      | Noticed a necrophage
  4268 | D:4      | Killed a necrophage
  4342 | D:4      | Mangled by a wight

Illustrated notes

Levels and vault maps discovered:
D:1:      kb_arrival_jail, layout_loops_ring, serial_glass, glass_columns_c,
          glass_columns_b, shapermc_ecumenical_altar_starsandcircs,
          chequers_serial_rivers_micro_c
D:2:      layout_loops_cross
D:3:      layout_basic, lemuel_coloured_pillars_altar, amcnicky_altar_gilded,
          serial_shops, shop, minmay_tree_intersection,
          minmay_misc_feat_hallway, kennysheep_generic_room_3
D:4:      layout_basic, mainiacjoe_overflow_alcove_2, old_standard_altar,
          mainiacjoe_overflow_tiny_flanked, minmay_temple_entry_proselytizer,
          gammafunk_ghost_grave, grunt_ministairs_10, hangedman_decor_lopped,
          minmay_fractal_squares_diagonal_5

Skill      XL: |  1  2  3  4  5  6 |
---------------+-------------------+-----
Earth Magic    | 4 5 |  5.0
Fighting       | 1 2 |  2.3
Shields        | 3 4 |  4.0
Conjurations   | 2 4 |  4.0
Dodging        | |  1.5
Stealth        | |  2.1
Spellcasting   | |  2.2
Transmutations | |  0.7

Action                   |  1- 3 |  4- 6 || total
-------------------------+-------+-------++-------
Melee: Dagger            |    64 |    32 ||    96
       Club              |     1 |       ||     1
 Cast: Sandblast         |    40 |    38 ||    78
  Use: Scroll            |     5 |       ||     5
 Stab: Sleeping          |     1 |       ||     1
Armor: Robe              |    21 |    10 ||    31
Dodge: Dodged            |    32 |    15 ||    47
Block: Buckler           |       |     1 ||     1
